 Dungeon Crawl Stone Soup version 0.25.1-8-g42b30a86e7 (webtiles) character file.

Game seed: 7408205107898996659

991 hawla the Magician (level 7, -2/54 HPs)
             Began as a Deep Elf Conjurer on Dec 1, 2020.
             Slain by a sky beast (6 damage)
             ... on level 6 of the Dungeon.
             The game lasted 00:14:55 (6404 turns).

hawla the Magician (Deep Elf Conjurer)              Turns: 6404, Time: 00:14:57

Health: -2/54      AC: 23    Str:  5    XL:     7   Next: 98%
Magic:  11/19      EV:  2    Int: 22    God:
Gold:   253        SH:  0    Dex: 15    Spells: 5/19 levels left

rFire    . . .     SeeInvis .   q - +4 quarterstaff (chaos)
rCold    . . .     Gourm    .   (shield currently unavailable)
rNeg     + + +     Faith    .   (armour currently unavailable)
rPois    +         Spirit   .   (helmet currently unavailable)
rElec    .         Reflect  .   (cloak currently unavailable)
rCorr    +         Harm     .   (gloves currently unavailable)
MR       +....     NoTele   +   (boots currently unavailable)
Stlth    ++........             (no amulet)
HPRegen  0.18/turn              k - ring of protection from magic
MPRegen  0.16/turn              x - ring of resist corrosion

@: tree-form
A: no striking features
a: no special abilities


You were on level 6 of the Dungeon.
You were not hungry.
You were a tree.
You visited 1 branch of the dungeon, and saw 6 of its levels.

You collected 253 gold pieces.

Inventory:

Hand Weapons
 q - a +4 quarterstaff of chaos (weapon)
Missiles
 h - 7 datura-tipped darts (quivered)
 v - 3 boomerangs
Armour
 a - a +0 robe (melded)
 n - a +1 pair of boots (melded)
 p - a scarf of invisibility
 r - a +0 cloak (melded)
Jewellery
 k - a ring of protection from magic (left branch)
 t - an uncursed ring of protection from magic
 x - a ring of resist corrosion (right branch)
Wands
 l - a wand of digging (5)
Scrolls
 e - 2 scrolls of teleportation
 f - a scroll of enchant armour
 o - a scroll of remove curse
Potions
 b - a potion of haste
 d - 4 potions of ambrosia {unknown}
 g - 3 potions of degeneration {unknown}
 j - a potion of invisibility
 m - 3 potions of berserk rage {unknown}
 s - a potion of cancellation
 u - a potion of lignification
 w - 2 potions of curing
Comestibles
 c - 13 rations


   Skills:
 - Level 4.1 Dodging
 - Level 3.2 Stealth
 + Level 6.7 Spellcasting
 - Level 6.3 Conjurations
 - Level 4.4 Translocations
 + Level 2.1 Transmutations
 + Level 2.1 Fire Magic
 + Level 2.1 Poison Magic


You had 5 spell levels left.
You knew the following spells:

 Your Spells              Type           Power        Failure   Level  Hunger
a - Magic Dart            Conj           ####         1%          1    None
b - Searing Ray           Conj           #####.       1%          2    None
c - Iskenderun's Mystic   Conj/Tloc      ####....     9%          4    ###....
d - Olgreb's Toxic Radia  Pois           ###.....     34%         4    ###....
e - Ignite Poison         Fire/Tmut/Pois ###.....     11%         3    #......

Your spell library contained the following spells:

 Spells                   Type           Power        Failure   Level  Hunger
 Sting                    Tmut/Pois      ###.         3%          1    None
 Dazzling Flash           Conj/Hex       ###...       7%          3    #......
 Mephitic Cloud           Conj/Pois/Air  ###.....     8%          3    #......
 Poisonous Vapours        Pois/Air       ##....       9%          2    None
 Fulminant Prism          Conj/Hex       ###.......   22%         4    ###....


Dungeon Overview and Level Annotations

Branches:
Dungeon (6/15)
 Temple: D:4-7

Altars:
Ashenzari
Makhleb
Nemelex Xobeh
Wu Jian


Message History

The searing ray hits something.
You finish channeling your searing ray.
Something hits you. Something shocks you.
Casting: Searing Ray (safe; 1% risk of failure)
Confirm with . or Enter, or press ? or * to list all spells.
You can't see any susceptible monsters within range! (Use Z to cast anyway.)
Casting: Searing Ray (safe; 1% risk of failure)
Confirm with . or Enter, or press ? or * to list all spells.
The spell is quite dangerous to cast (9% risk of failure)!
Continue anyway?
You erupt in a blast of force!
Something hits you.
* * * LOW HITPOINT WARNING * * *
Something shocks you.
* * * LOW HITPOINT WARNING * * *
Really quaff the potion of lignification?
You turn into a tree.
Your +0 cloak melds into your body.
Your +1 pair of boots melds into your body.
Your +0 robe melds into your body.
Your roots penetrate the ground.
Something hits you.
* * * LOW HITPOINT WARNING * * *
Something shocks you.
You die...

*,,,* *,,,,,,,,,,,,,*,*,*,,,,,,*
*,,,* *,,,,,,....,,,*,*,*,****,*
*,,,******,,,,...#*,,,,*,,,,,,,,*
,,,,,,,,,,,***#..#*,******,******
,*,,,*****,* #..#*,*,,,,,,,,,,,,
,,,,,,*,**,* #..#*,*,****,****,*
,,,,,,*,,,,* #..#*,*,* *,,,,,,*
,,,,,,*,**** #.{#*,*,***********
,,,,,,*,* #.♣#*,*,,,,,,,,,,,,
,,,,,,*,* #..#*,*************
,,***,*,* #..#*,* ,,* *,*,*
#..#*,************* *,* *,*,*
#..#,,,,,,,,,,,,,,, ,,* *,*,*
#..#*******,,,,,,,, *****,*,*
#..# *,,,,,,,, ,,,,,,*,* #..#
*,,,,,,,, *******,* #..#
*,,,,,,,,


There were no monsters in sight!

Vanquished Creatures
  2 centaurs (D:5)
  2 ogres
  A howler monkey (D:4)
  A crimson imp (D:5)
  2 jellies (D:5)
  A quasit (D:5)
  A bullfrog skeleton (D:5)
  A hound (D:5)
  Crazy Yiuf (D:3)
  2 orc priests
  2 iguanas
  2 orc wizards
  2 worker ants (D:5)
  7 adders
  A shadow imp (D:5)
  An ooze (D:4)
  6 worms
  A dart slug (D:5)
  10 leopard geckos
  15 orcs
  2 ball pythons
  8 bats
  3 giant cockroaches
  6 goblins
  3 hobgoblins
  8 jackals
  8 kobolds
  3 quokkas
  7 frilled lizards
  7 rats
  A fungus (D:3)
117 creatures vanquished.

Notes
Turn   | Place    | Note
-------+----------+-------------------------------------------
     0 | D:1      | hawla the Deep Elf Conjurer began the quest for the Orb.
     0 | D:1      | Reached XP level 1. HP: 10/10 MP: 6/6
   239 | D:1      | Reached XP level 2. HP: 15/15 MP: 0/8
   897 | D:1      | Learned a level 2 spell: Searing Ray
  1084 | D:2      | Reached XP level 3. HP: 14/19 MP: 5/10
  1509 | D:2      | Found a shattered altar of Ashenzari.
  1647 | D:2      | Reached skill level 5 in Conjurations
  2034 | D:2      | Reached XP level 4. HP: 24/24 MP: 8/12
  2110 | D:2      | Learned a level 4 spell: Iskenderun's Mystic Blast
  2343 | D:3      | Noticed an ogre
  2346 | D:3      | Killed an ogre
  2346 | D:3      | Reached skill level 1 in Translocations
  2346 | D:3      | Reached XP level 5. HP: 28/28 MP: 9/13
  3359 | D:3      | Reached skill level 5 in Spellcasting
  3610 | D:3      | Found a runed translucent door.
  3611 | D:3      | Noticed Crazy Yiuf
  3617 | D:3      | Killed Crazy Yiuf
  3617 | D:3      | Reached XP level 6. HP: 32/32 MP: 10/15
  4518 | D:5      | Entered Level 5 of the Dungeon
  4788 | D:5      | Learned a level 4 spell: Olgreb's Toxic Radiance
  4792 | D:5      | Learned a level 3 spell: Ignite Poison
  5077 | D:5      | Reached XP level 7. HP: 18/36 MP: 13/17
  5229 | D:5      | Reached skill level 1 in Transmutations
  5229 | D:5      | Reached skill level 1 in Fire Magic
  5229 | D:5      | Reached skill level 1 in Poison Magic
  5415 | D:5      | Found a burning altar of Makhleb.
  6043 | D:5      | Found a sparkling altar of Nemelex Xobeh.
  6044 | D:5      | Found an ornate altar of the Wu Jian Council.
  6404 | D:6      | Slain by a sky beast

Illustrated notes

Levels and vault maps discovered:
D:1:      minmay_arrival_four_loops, layout_loops_ring
D:2:      layout_loops_ring, nicolae_ashenzari_panopticon, st_stairs_3
D:3:      layout_basic, uniq_crazy_yiuf_cottage
D:4:      layout_gridville, first_ration, minmay_ruptured
D:5:      layout_loops_cross, marbit_many_paths, nicolae_overflow_hidden_temple
D:6:      layout_basic, serial_shops, shop, uniq_pikel

Skill      XL: |  1  2  3  4  5  6  7 |
---------------+----------------------+-----
Stealth        | 3 |  3.2
Spellcasting   | 4 5 6 |  6.7
Conjurations   | 5 6 |  6.3
Dodging        | 3 4 |  4.1
Translocations | 1 3 4 |  4.4
Transmutations | 2 |  2.1
Fire Magic     | 2 |  2.1
Poison Magic   | 2 |  2.1

Action                   |  1- 3 |  4- 6 |  7- 9 || total
-------------------------+-------+-------+-------++-------
Melee: Unarmed           |       |    56 |       ||    56
 Cast: Magic Dart        |    52 |    56 |    19 ||   127
       Searing Ray       |    14 |    29 |    17 ||    60
       Iskenderun's Myst |       |       |     2 ||     2
  Use: Scroll            |       |     5 |     6 ||    11
       Potion            |       |       |     1 ||     1
  Eat: Chunk             |     3 |    10 |     4 ||    17
Armor: Robe              |     2 |       |     6 ||     8
Dodge: Dodged            |    10 |     6 |     9 ||    25
